 Dungeon Crawl Stone Soup version 0.28-a0-1638-g9123634e07 (webtiles) character file.

Game seed: 15507602476176532541

18 cyrus the Caller (level 2, -3/11 HPs)
             Began as a Felid Summoner on Jan 25, 2022.
             Was a Follower of Kikubaaqudgha.
             Slain by a kobold (4 damage)
             ... on level 1 of the Dungeon.
             The game lasted 00:05:27 (1036 turns).

cyrus the Caller (Felid Summoner)                   Turns: 1036, Time: 00:05:28

Health: -3/11      AC:  1    Str:  4    XL:     2   Next: 51%
Magic:  3/6        EV: 17    Int: 16    God:    Kikubaaqudgha [*.....]
Gold:   42         SH:  0    Dex: 16    Spells: 2/5 levels left
                                        Lives:  0   Deaths: 0

rFire   . . .      SeeInvis +   (weapon unavailable)
rCold   . . .      Faith    .   (shield unavailable)
rNeg    . . .      Spirit   .   (armour unavailable)
rPois   .          Reflect  .   (helmet unavailable)
rElec   .          Harm     .   (cloak unavailable)
rCorr   .          Rampage  .   (gloves unavailable)
Will    .....                   (boots unavailable)
Stlth   ++........              (no amulet)
HPRegen 0.03/turn               (no ring)
MPRegen 0.10/turn               (no ring)

@: quick
A: very small, claws 1, fangs 3, see invisible, speed 1, shaggy fur 1, stealthy
paws, no weapons or thrown items, no armour, multi-lived
a: Renounce Religion, Receive Corpses


You were on level 1 of the Dungeon.
You worshipped Kikubaaqudgha.
Kikubaaqudgha was aware of your devotion.
You visited 1 branch of the dungeon, and saw 1 of its levels.

You collected 42 gold pieces.

Inventory:

Scrolls
 a - a scroll of enchant weapon {unknown}
 b - a scroll of fog {unknown}
 c - a scroll of blinking {unknown}
 d - a scroll of magic mapping {unknown}
Potions
 e - a potion of might {unknown}


   Skills:
 + Level 2.6 Dodging
 + Level 2.6 Stealth
 + Level 0.3 Unarmed Combat
 + Level 2.1 Spellcasting
 + Level 4.6 Summonings


You had 2 spell levels left.
You knew the following spells:

 Your Spells              Type           Power      Damage    Failure   Level
a - Summon Small Mammal   Summ           64%        N/A       3%          1
b - Call Imp              Summ           16%        N/A       4%          2

Your spell library contained the following spells:

 Spells                   Type           Power      Damage    Failure   Level
 Animate Skeleton         Necr           2%         N/A       21%         1
 Pain                     Necr           4%         1d4       21%         1
 Corpse Rot               Necr/Air       2%         N/A       30%         2
 Call Canine Familiar     Summ           16%        N/A       10%         3
 Summon Guardian Golem    Hex/Summ       9%         N/A       24%         3
 Vampiric Draining        Necr           1%         2d6       52%         3
 Summon Lightning Spire   Summ/Air       9%         N/A       61%         4


Dungeon Overview and Level Annotations

Branches:
Dungeon (1/15)

Altars:
Kikubaaqudgha

Shops:
D:1 [:[(


Innate Abilities, Weirdness & Mutations

You have sharp claws.
You have razor-sharp teeth.
You have supernaturally acute eyesight. (SInv)
You cover ground quickly. (Speed+)
You are covered in fur. (AC +1)
Your paws help you pounce on unaware monsters.
You are incapable of wielding weapons or throwing items.
You cannot wear armour.
You gain extra lives every three experience levels.


Message History

A ball python is nearby!
Casting: Call Imp (safe; 4% risk of failure)
Confirm with . or Enter, or press ? or * to list all spells.
A shadowy apparition takes form in the air.
The ball python hisses angrily.
You barely miss the ball python. Your bite misses the ball python.
The ball python misses you. The ball python barely misses you.
The ball python completely misses you. The ball python misses you.
You barely miss the ball python.
Your shadow imp hits the ball python.
The ball python bites you. The ball python grabs you.
The ball python constricts you.
You scratch the ball python.
The ball python is severely wounded.
The ball python barely misses you. The ball python constricts you.
Your shadow imp hits the ball python.
The ball python dies!
Kikubaaqudgha accepts your kill.
Your shadow imp disappears in a puff of smoke!
Found a stone staircase leading down.
A kobold comes into view. It is wielding a +0 club.
The kobold shouts!
Casting: Call Imp (safe; 4% risk of failure)
Confirm with . or Enter, or press ? or * to list all spells.
A beastly little devil appears in a puff of flame.
The kobold hits you with a +0 club.
You closely miss the kobold.
Your crimson imp misses the kobold.
The kobold hits you with a +0 club.
You scratch the kobold but do no damage.
Your crimson imp hits the kobold.
The kobold hits you with a +0 club.
* * * LOW HITPOINT WARNING * * *
Your crimson imp blinks!
Your crimson imp blinks!
Your crimson imp blinks!
The kobold completely misses you.
Casting: Call Imp (safe; 4% risk of failure)
Confirm with . or Enter, or press ? or * to list all spells.
A beastly little devil appears in a puff of frigid air.
The kobold hits you with a +0 club.
You die...
Kikubaaqudgha rasps: "You have failed me!
Welcome... death!"

..##.# #.........................
..##.###.........................
...............................8.
..........#+########.........(...
..................##.........8.8.
.......................†......_
......#.†.....5.##.........8.8.
###.#.#.........##.............
..............@.##.........(.8.
###.#.#...§..K..##......)......
#.#...........##............. #
##..........###############
#..........# #..........#
##>######### #.# #.#


You could see a kobold (ally target) and a friendly white imp (summoned).

Vanquished Creatures
  A goblin (D:1)
  A jackal (D:1)
  A quokka (D:1)
  A ball python (D:1)
  A bat (D:1)
  3 rats (D:1)
8 creatures vanquished.

Vanquished Creatures (collateral kills)
  A ball python (D:1)
  A bat (D:1)
  A goblin (D:1)
  A hobgoblin (D:1)
  A jackal (D:1)
  A quokka (D:1)
  2 frilled lizards (D:1)
  2 kobolds (D:1)
10 creatures vanquished.

Grand Total: 18 creatures vanquished

Notes
Turn   | Place    | Note
-------+----------+-------------------------------------------
     0 | D:1      | cyrus the Felid Summoner began the quest for the Orb.
     0 | D:1      | Reached XP level 1. HP: 7/7 MP: 4/4
   333 | D:1      | Found Seceq's Antique Armour Boutique.
   395 | D:1      | Found Jumaatal's Antique Armour Boutique.
   403 | D:1      | Reached XP level 2. HP: 11/11 MP: 4/6
   406 | D:1      | Learned a level 2 spell: Call Imp
   437 | D:1      | Found Vejusiav's Weapon Shop.
   671 | D:1      | Found a faded altar of an unknown god.
   700 | D:1      | Prayed at the altar of an unknown god.
   700 | D:1      | Became a worshipper of Kikubaaqudgha
   700 | D:1      | Reached * piety under Kikubaaqudgha
   700 | D:1      | Received a gift from Kikubaaqudgha
   843 | D:1      | Found Feqe's Book Shoppe.
  1036 | D:1      | Slain by a kobold

Illustrated notes

Levels and vault maps discovered:
D:1:      lightli_iron_boxes, layout_basic, serial_shops,
          nicolae_shop_overgrown_old_shop, nicolae_shop_bloodbath_and_beyond,
          nicolae_square_shop, nicolae_shop_behind_doors,
          nicolae_lakefront_shop, ebering_ecumenical_altar_ruins

Action                   || total
-------------------------++-------
Melee: Unarmed           ||    31
       Bite              ||     1
 Cast: Summon Small Mamm ||     7
       Call Imp          ||    12
 Stab: Distracted        ||     1
Armor: Skin              ||     3
Dodge: Dodged            ||    35

Table legend: (Time is in decaauts)
 A = Elapsed time spent in this place.
 B = Non-inter-level travel time spent in this place.
 C = Inter-level travel time spent in this place.
 D = Time resting spent in this place.
 E = Time spent auto-exploring this place.
 F = Levels seen in this place.
 G = Mean time per level.
                   A        B        C        D        E       F      G
               +--------+--------+--------+--------+--------+-----+--------+
         Total |    933 |    933 |      0 |    175 |    569 |   1 |  933.0 |
       Dungeon |    933 |    933 |      0 |    175 |    569 |   1 |  933.0 |
               +--------+--------+--------+--------+--------+-----+--------+

Top non-repeatable levels by time:
     D:1: 933 daAuts
